Map: Forteresse de fer EC

Players

AgCl

  • Race: Protoss Protoss
  • League: Grandmaster

Aris - Winner!

  • Race: Terran Terran
  • League: Grandmaster

VOD

Have the link to the VOD?

Description

Time

  • Played on: June 5, 2015, 9:20 p.m.
  • Length: 6:37
Show
View Real Time Build Order
Export as new Build Order

AgCl Protoss 

Build Orders: Oracle Opening, Oracle Opening, Carrier Rush 

Get SALT Encoding   

  12  0:02  Probe  
  13  0:20  Probe  
  14  0:23  Pylon  
  14  0:30  Assimilator  
  14  0:44  Probe (Chrono Boost)  
  14  0:45  Gateway  
  15  0:52  Pylon  
  15  0:57  Probe (Chrono Boost)  
  17  1:05  Probe (Chrono Boost)  
  17  1:14  Probe  
  18  1:26  Probe  
  18  1:32  Zealot (Chrono Boost)  
  21  1:37  Cybernetics Core  
  21  1:38  Probe (Chrono Boost)  
  23  1:48  Probe (Chrono Boost)  
  23  1:55  Probe  
  23  2:01  Assimilator  
  24  2:07  Probe (Chrono Boost)  
  25  2:18  Stargate  
  25  2:19  Probe (Chrono Boost)  
  26  2:28  Probe (Chrono Boost), Adept  
  26  2:29  Pylon  
  29  2:36  Probe  
  30  2:48  Probe (Chrono Boost)  
  31  2:57  Warp Gate  
  31  3:01  Mothership Core (Chrono Boost)  
  33  3:09  Nexus  
  31  3:21  Oracle (Chrono Boost)  
  31  3:23  Probe  
  35  3:35  Probe  
  36  3:47  Probe  
  37  4:00  Probe  
  37  4:02  Nexus  
  38  4:16  Probe (Chrono Boost), Pylon  
  37  4:22  Probe (Chrono Boost)  
  35  4:27  Fleet Beacon  
  37  4:32  Probe x2 (Chrono Boost)  
  38  4:40  Mothership Core (Chrono Boost)  
  38  4:43  Probe (Chrono Boost)  
  39  4:53  Probe (Chrono Boost)  
  39  4:54  Probe (Chrono Boost)  
  39  4:57  Carrier (Chrono Boost)  
  39  4:59  Assimilator  
  40  5:04  Probe (Chrono Boost)  
  40  5:05  Probe (Chrono Boost)  
  42  5:11  Assimilator  
  45  5:14  Probe (Chrono Boost)  
  45  5:16  Probe (Chrono Boost)  
  45  5:20  Probe (Chrono Boost)  
  51  5:23  Probe (Chrono Boost), Adept  
  51  5:25  Probe (Chrono Boost)  
  51  5:27  Probe (Chrono Boost)  
  56  5:29  Gateway  
  56  5:31  Probe, Gateway  
  56  5:35  Probe  
  58  5:38  Probe  
  53  5:55  Probe  
  46  5:58  Adept  
  46  6:00  Probe  
  49  6:08  Gateway  
  49  6:13  Pylon  
  49  6:14  Gateway  
Show
View Real Time Build Order
Export as new Build Order

Aris Terran - Winner!

Build Orders: Command Center First (CC) 

Get SALT Encoding   

  12  0:01  SCV  
  13  0:13  SCV  
  14  0:25  Supply Depot  
  14  0:26  SCV  
  15  0:46  SCV  
  16  1:00  SCV  
  16  1:01  Command Center  
  17  1:11  Barracks  
  17  1:13  SCV  
  18  1:20  Refinery  
  18  1:26  SCV  
  19  1:36  Barracks  
  19  1:38  SCV  
  20  1:50  SCV  
  21  2:01  Barracks  
  21  2:03  Barracks Reactor  
  21  2:16  SCV  
  21  2:17  Orbital Command  
  22  2:24  Barracks Reactor  
  22  2:25  Barracks Tech Lab  
  22  2:32  Barracks  
  21  2:40  Marine  
  21  2:45  Supply Depot  
  20  2:54  SCV  
  19  3:19  Marine x3  
  22  3:22  Combat Shields  
  22  3:25  SCV  
  23  3:33  Marine  
  23  3:37  Marine  
  23  3:38  Marauder  
  25  3:44  Marine  
  25  3:47  Marine  
  27  3:50  SCV  
  27  3:51  SCV, Engineering Bay  
  29  3:57  Marine  
  29  4:15  Marine x3  
  29  4:16  Marauder  
  30  4:19  Marine  
  30  4:21  SCV  
  31  4:26  Missile Turret  
  30  4:33  Marine x3  
  30  4:37  Marauder  
  35  4:40  Marine  
  36  4:50  Planetary Fortress, Marine  
  37  4:59  Marine x3  
  39  5:04  Missile Turret  
  40  5:13  SCV  
  41  5:19  Marine  
  41  5:20  Marine x2  
  44  5:25  SCV  
  44  5:26  Missile Turret  
  45  5:29  Marine  
  46  6:18  Supply Depot  
  46  6:22  SCV  
Tags
 
Add a new tag
Caveats
  • Supply blocks, unpowered buildings, or Contaminate may cause inaccurate times.
  • Supply counts are checked every 10 seconds.